 Dungeon Crawl Stone Soup version 0.21.1-1-g345015f (webtiles) character file.

2374 Lanoc the Basher (level 9, -5/88 (89) HPs)
             Began as a Troll Berserker on Mar 17, 2018.
             Was a High Priest of Trog.
             Slain by a hornet (8 damage)
             ... while paralysed by a hornet
             ... on level 8 of the Dungeon.
             The game lasted 00:14:49 (5315 turns).

Lanoc the Basher (Troll Berserker)                  Turns: 5315, Time: 00:14:50

HP:   -5/88 (89)    AC:  5    Str: 29    XL:     9   Next: 21%
MP:   8/8           EV:  1    Int:  3    God:    Trog [*****.]
Gold: 459           SH:  0    Dex: 18    Spells: 8/8 levels left

rFire    . . .     SeeInvis .   g - +4 flail (crush)
rCold    . . .     Gourm    +   (no shield)
rNeg     . . .     Faith    .   b - +0 animal skin
rPois    .         Spirit   .   (helmet restricted)
rElec    .         Reflect  .   (no cloak)
rCorr    .         Harm     .   (gloves unavailable)
MR       .....                  (boots unavailable)
Stlth    ++........             B - amulet of magic regeneration
HPRegen  0.64/turn              r - +2 ring of strength
MPRegen  0.36/turn              v - +6 ring of dexterity

@: paralysed, lethally poisoned (-5 -> -6), berserk cooldown, slowed
A: large, unfitting armour, claws 3, fast metabolism 3, gourmand, regeneration
1, shaggy fur 1, tough skin 2
a: Berserk, Trog's Hand, Brothers in Arms, Burn Spellbooks, Renounce Religion


You were on level 8 of the Dungeon.
You worshipped Trog.
Trog was extremely pleased with you.
You were very full.

You visited 2 branches of the dungeon, and saw 9 of its levels.
You also visited: Sewer.

You collected 499 gold pieces.
You spent 40 gold pieces at shops.

Inventory:

Hand Weapons
 a - a +0 mace
 g - a +4 flail of crushing (weapon)
 j - a +1 flail
 t - a +0 giant spiked club
Missiles
 o - 6 tomahawks (quivered)
Armour
 b - a +0 animal skin (worn)
Jewellery
 d - a +3 ring of evasion
 r - a +2 ring of strength (left claw)
 v - a +6 ring of dexterity (right claw)
 B - an amulet of magic regeneration (around neck)
Wands
 s - a wand of clouds (2)
 u - a wand of digging (9)
 x - a wand of flame (79)
 C - a wand of polymorph (7)
Scrolls
 e - 4 scrolls of blinking
 h - 2 scrolls of magic mapping
 l - 5 scrolls of remove curse
 n - 4 scrolls of fear
 q - 2 scrolls of teleportation
 y - 2 scrolls of fog {unknown}
 D - 2 scrolls of identify
Potions
 f - 2 potions of haste
 k - a potion of magic
 m - 2 potions of curing
 p - a potion of lignification
 w - a potion of might
 z - a potion of invisibility
 A - a potion of mutation {unknown}
Comestibles
 c - 15 rations


   Skills:
 + Level 5.6 Fighting
 * Level 8.5 Maces & Flails
 + Level 5.7 Dodging


You had 8 spell levels left.
You didn't know any spells.

Dungeon Overview and Level Annotations

Branches:
Dungeon (8/15)             Temple (1/1) D:6
   Lair: D:8-11

Altars:
Ashenzari
Cheibriados
Dithmenos
Elyvilon
Gozag
Hepliaklqana
Kikubaaqudgha
Makhleb
Nemelex Xobeh
Okawaru
Qazlal
Ru
Sif Muna
Trog
Uskayaw
Vehumet
Wu Jian
Xom
Yredelemnul
The Shining One

Shops:
D:5 ?   D:6 =   D:8 ?


Innate Abilities, Weirdness & Mutations

You are too large for most types of armour.
You have claws for hands.
Your metabolism is lightning-fast.
You like to eat raw meat.
Your natural rate of healing is unusually fast.
You are covered in fur. (AC +1)
You have very tough skin. (AC +2)


Message History

The hornet stings you.
You feel yourself slow down.
You can move again.
You feel a strong urge to attack something.
You feel sick. The hornet stings you!
* * * LOW HITPOINT WARNING * * *
You feel as though you will be slow longer.
You feel your anger nearly subside.
You are no longer berserk.
You are exhausted.
You feel as though you will be slow longer.
You feel sick. The hornet stings you!
* * * LOW HITPOINT WARNING * * *
You feel as though you will be slow longer.
There is a stone staircase leading up here.
The hornet stings you.
* * * LOW HITPOINT WARNING * * *
You suddenly lose the ability to move!
The hornet stings you!
* * * LOW HITPOINT WARNING * * *
You feel as though you will be slow longer.
The hornet stings you!
You die...

.........#
.........#
......o..#
.......o!#
#######o##
####.#####
#..o.....#
#.ya.....#
#.@......#
#........#
#..........#
#.....[..###
#........#
#...?⌠.⌠.#
####..∩.##
##⌠.⌠# ####


You could see a hornet, an orc warrior, a worker ant and 2 orcs.

Vanquished Creatures
  Grinder (D:6)
  A spriggan (D:7)
  Sigmund (D:2)
  Eustachio (D:4)
  Edmund (D:6)
  2 ice beasts
  An ogre (D:5)
  A necrophage (D:6)
  A centaur (D:6)
  2 bullfrogs
  A wyvern skeleton (D:6)
  2 scorpions
  A howler monkey (D:7)
  2 crimson imps
  A bullfrog zombie (D:7)
  2 hounds
  A jelly (D:6)
  A gnoll shaman (D:6)
  An orc priest (D:7)
  2 bullfrog skeletons
  4 orc wizards
  A worker ant (D:4)
  A hound zombie (D:6)
  A hound skeleton (D:6)
  9 adders
  10 gnolls
  4 river rats (Sewer)
  A shadow imp (D:7)
  4 oozes
  4 worms
  2 dart slugs
  5 leopard geckos
  14 orcs
  2 bats (D:1)
  5 giant cockroaches
  10 goblins
  8 hobgoblins
  8 jackals
  7 kobolds
  2 quokkas
  4 ball pythons (Sewer)
  11 frilled lizards
  A quokka skeleton (D:4)
  A quokka zombie (D:5)
  21 rats
166 creatures vanquished.

Notes
Turn   | Place    | Note
-------+----------+-------------------------------------------
     0 | D:1      | Lanoc the Troll Berserker began the quest for the Orb.
     0 | D:1      | Reached XP level 1. HP: 22/22 MP: 0/0
   156 | D:1      | Reached skill level 3 in Maces & Flails
   156 | D:1      | Reached XP level 2. HP: 20/29 MP: 1/1
   434 | D:1      | Reached ** piety under Trog
   448 | D:1      | Reached XP level 3. HP: 36/36 MP: 2/2
   929 | D:2      | Found a white marble altar of Elyvilon.
  1268 | D:2      | Found a glowing golden altar of the Shining One.
  1281 | D:2      | Noticed Sigmund
  1288 | D:2      | Killed Sigmund
  1288 | D:2      | Reached skill level 4 in Maces & Flails
  1288 | D:2      | Reached XP level 4. HP: 24/45 MP: 3/3
  1288 | D:2      | Reached XP level 5. HP: 29/53 MP: 4/4
  1745 | D:3      | Found a sparkling altar of Nemelex Xobeh.
  1825 | D:3      | Reached XP level 6. HP: 36/61 MP: 5/5
  2101 | D:3      | Noticed an ice beast
  2108 | D:3      | Killed an ice beast
  2108 | D:3      | Reached skill level 5 in Maces & Flails
  2264 | D:4      | Noticed Eustachio
  2283 | D:4      | Killed Eustachio
  2283 | D:4      | Reached XP level 7. HP: 68/68 MP: 6/6
  2331 | D:4      | Reached *** piety under Trog
  2592 | D:4      | Found an iron altar of Okawaru.
  2775 | D:5      | Entered Level 5 of the Dungeon
  2841 | D:5      | Found Toadeel's Magic Scroll Shoppe.
  2844 | D:5      | Bought a scroll of identify for 20 gold pieces
  2844 | D:5      | Bought a scroll of identify for 20 gold pieces
  2870 | D:5      | Found a glowing drain.
  2913 | Sewer    | Entered a sewer
  2963 | Sewer    | Reached skill level 6 in Maces & Flails
  3524 | D:5      | Found a bloodstained altar of Trog.
  3632 | D:5      | Reached **** piety under Trog
  3685 | D:5      | Found a sparkling altar of Nemelex Xobeh.
  3782 | D:5      | Found a shimmering altar of Xom.
  3782 | D:5      | Found a hide-covered altar of Uskayaw.
  3783 | D:5      | Found an ancient bone altar of Kikubaaqudgha.
  3785 | D:5      | Found a shadowy altar of Dithmenos.
  3786 | D:5      | Found an ornate altar of the Wu Jian Council.
  3850 | D:6      | Reached XP level 8. HP: 79/79 MP: 7/7
  3883 | D:6      | HP: 3/79 [gnoll/flail (6)]
  4031 | D:6      | Found a staircase to the Ecumenical Temple.
  4044 | D:6      | Found Ukit Itruo's Jewellery Boutique.
  4045 | D:6      | Noticed Edmund
  4057 | D:6      | Killed Edmund
  4063 | D:6      | Noticed Grinder
  4085 | D:6      | Paralysed by Grinder for 3 turns
  4088 | D:6      | Killed Grinder
  4088 | D:6      | Reached skill level 7 in Maces & Flails
  4103 | D:6      | Reached skill level 5 in Dodging
  4106 | D:6      | Reached skill level 5 in Fighting
  4480 | Temple   | Entered the Ecumenical Temple
  4705 | D:7      | Reached skill level 8 in Maces & Flails
  4741 | D:7      | Reached XP level 9. HP: 87/87 MP: 8/8
  4894 | D:7      | Found a radiant altar of Vehumet.
  4906 | D:7      | Reached ***** piety under Trog
  4964 | D:7      | Found an opulent altar of Gozag.
  5289 | D:8      | Found Oxim Bax's Magic Scroll Shop.
  5308 | D:8      | Paralysed by a hornet for 3 turns
  5314 | D:8      | Paralysed by a hornet for 2 turns
  5314 | D:8      | HP: 2/88 [hornet (12)]
  5315 | D:8      | Slain by a hornet

Skill      XL: |  1  2  3  4  5  6  7  8 |
---------------+-------------------------+-----
Maces & Flails | 3 4 5 6 8 |  8.5
Fighting       | 3 4 5 |  5.6
Dodging        | 3 4 5 |  5.7

Action                   |  1- 3 |  4- 6 |  7- 9 || total
-------------------------+-------+-------+-------++-------
Melee: Mace              |   140 |    93 |   226 ||   459
       Flail             |       |       |   121 ||   121
Throw: Tomahawk          |       |       |     3 ||     3
Invok: Berserk           |     3 |     5 |    10 ||    18
  Use: Scroll            |       |       |    13 ||    13
       Potion            |       |       |     3 ||     3
 Stab: Sleeping          |     1 |     1 |       ||     2
  Eat: Chunk             |    20 |    10 |    42 ||    72
Armor: Animal skin       |    62 |    34 |   113 ||   209
Dodge: Dodged            |   101 |    63 |   228 ||   392
